Description

This build Order (known has the Parting's Adept Twister) has been played vs INnoVation during IEM Katowice 2021.

VOD

https://youtu.be/LwvXWX4issU

Replay - INnoVation v PartinG: Game 3 - Lightshade LE

Build Order

Get SALT Encoding   

  12  0:00  Probe  
  13  0:12  Probe  
  14  0:17  Pylon  
  14  0:24  Probe  
  15  0:35  Gateway  
  15  0:36  Probe  
  16  0:48  Probe  
  18  1:07  Nexus  
  17  1:12  Assimilator  
  17  1:14  Probe  
  18  1:24  Cybernetics Core  
  18  1:27  Probe  
  19  1:34  Pylon  
  19  1:39  Probe  
  20  1:51  Warp Gate (Chrono Boost), Probe  
  20  1:52  Gateway  
  21  2:00  Adept (Chrono Boost)  
  21  2:05  Probe  
  24  2:17  Gateway  
  26  2:28  Stalker  
  30  2:39  Adept  
  33  2:50  Pylon  
  34  2:57  Assimilator  
  38  3:18  Adept x3  
  44  3:25  Pylon  
  46  3:39  Stalker x3  
  54  3:51  Assimilator  
  49  4:03  Stalker x2  
  49  4:04  Adept  
  54  4:13  Assimilator  
  56  4:28  Adept x3  
  52  4:50  Stalker x2  
  56  5:00  Twilight Council  
  56  5:01  Stalker  
  54  5:08  Pylon  
  52  5:22  Robotics Facility  
  52  5:26  Sentry x2, Stalker  
  52  5:28  Shield Battery  
  58  5:46  Nexus  
  66  6:15  Robotics Bay, Observer  
  73  6:34  Gateway x2  
  73  6:39  Gateway  
Spawning Tool Build Advisor. Get it on Overwolf

Analysis

This build Order (known has the Parting's Adept Twister) has been played vs INnoVation during IEM Katowice 2021.

Go to:

Details

  • Created by: zuka      
  • Published on: Mar 20, 2021
  • Patch: 4.11.0
  • Difficulty: Hard
Show
View Real Time Build Order
Export as new Build Order

Comments (0)

There are no comments. Be the first!

Create an account to comment!